 Dungeon Crawl Stone Soup version 0.28.0 (webtiles) character file.

Game seed: 16507771079534570445

44 Descartes the Ducker (level 3, -2/28 HPs)
             Began as a Djinni Warper on Feb 7, 2022.
             Was an Initiate of Yredelemnul.
             Slain by an ufetubus (4 damage)
             ... on level 2 of the Dungeon.
             The game lasted 00:02:40 (1512 turns).

Descartes the Ducker (Djinni Warper)                Turns: 1512, Time: 00:02:41

Health: -2/28      AC: 10    Str: 12    XL:     3   Next: 85%
Gold:   60         EV:  3    Int: 14    God:    Yredelemnul [......] SH:  0 Dex: 12

rFire   + + .      SeeInvis .   a - +0 falchion
rCold   x . .      Faith    .   (no shield)
rNeg    . . .      Spirit   .   j - +0 plate armour
rPois   ∞          Reflect  .   (no helmet)
rElec   .          Harm     .   (no cloak)
rCorr   .          Rampage  .   (no gloves)
Will    .....                   (boots unavailable)
Stlth   ..........              (no amulet)
HPRegen 0.09/turn               (no ring)
MPRegen 0.00/turn               (no ring)

@: flying
A: sickness immunity, fire resistance 2, cold vulnerability 1, float, innate
caster, HP casting, extra vitality 1
a: Renounce Religion, Recall Undead Harvest


You were on level 2 of the Dungeon.
You worshipped Yredelemnul.
Yredelemnul was noncommittal.
You visited 1 branch of the dungeon, and saw 3 of its levels.

You collected 60 gold pieces.

Inventory:

Hand Weapons
 a - a +0 falchion (weapon)
Missiles
 d - 5 boomerangs of dispersal (quivered)
Armour
 b - a +0 leather armour
 j - a +0 plate armour (worn)
Wands
 k - a wand of mindburst (10)
Scrolls
 c - 2 scrolls of blinking
 e - a scroll of magic mapping {unknown}
 f - a scroll of immolation {unknown}
 h - a scroll of brand weapon {unknown}
 i - a scroll of teleportation {unknown}
 l - a scroll of enchant armour {unknown}
Potions
 g - a potion of curing {unknown}
 m - a potion of ambrosia {unknown}
 n - a potion of heal wounds {unknown}


   Skills:
 - Level 2.0 Fighting
 + Level 2.3 Long Blades
 - Level 0.7 Throwing
 + Level 1.8 Armour
 + Level 2.8 Dodging
 + Level 2.7 Spellcasting


You couldn't memorise any spells.
You knew the following spells:

 Your Spells              Type           Power      Damage    Failure   Level
a - Blink                 Tloc           18%        N/A       100%        2
b - Lesser Beckoning      Tloc           9%         N/A       100%        3
c - Gell's Gravitas       Tloc           9%         N/A       100%        3
d - Teleport Other        Tloc           9%         N/A       100%        3
e - Manifold Assault      Tloc           9%         N/A       100%        5
f - Magic Dart            Conj           36%        1d4       100%        1
Your spell library was empty.


Dungeon Overview and Level Annotations

Branches:
Dungeon (3/15)

Altars:
Wu Jian
Yredelemnul

Annotations:
D:3 Ijyb


Innate Abilities, Weirdness & Mutations

You are immune to sickness and miasma.
You are immune to poison.
Your flesh is very heat resistant. (rF++)
You are vulnerable to cold. (rC-)
You float through the air rather than walking.
You learn spells naturally, not from books.
Your magical power is your life essence.
You have superior vitality. (+4 MHP)


Message History

The adder bites you but does no damage. The bat hits you but does no damage. x2
The bat hits you but does no damage. The bat hits you but does no damage.
There is a stone staircase leading up here.
The bat hits you but does no damage.
The ufetubus hits you but does no damage.
The ufetubus hits you.
* * * LOW HITPOINT WARNING * * *
The adder bites you but does no damage.
The ufetubus hits you but does no damage. x2
The adder bites you.
* * * LOW HITPOINT WARNING * * *
You fly upwards.
There is a stone staircase leading down here.
You miss the ufetubus.
The ufetubus hits you but does no damage. x2
The adder bites you but does no damage.
The ufetubus hits you but does no damage.
The ufetubus barely misses you.
You closely miss the ufetubus. The adder bites you but does no damage.
The ufetubus hits you but does no damage. x2
The adder barely misses you.
You closely miss the ufetubus.
The ufetubus hits you but does no damage. x2
The adder bites you.
* * * LOW HITPOINT WARNING * * *
The ufetubus hits you but does no damage. x2
You hit the ufetubus.
The ufetubus is lightly wounded.
The ufetubus hits you but does no damage.
The ufetubus barely misses you. The adder bites you but does no damage.
The ufetubus barely misses you.
The ufetubus hits you but does no damage.
The adder bites you but does no damage.
You barely miss the ufetubus.
The ufetubus is lightly wounded.
The ufetubus hits you.
You die...
Your body rises from the dead as a mindless zombie.

....<#.# #.....#
#........#
..####.# #...#.##
#........# .(#
#.# #...#..#
#........# ..#
#Z# #...#..#
#####'####
..####.# #:..#..#
#.#
.......###...#..#
#.#########
#####........#..#
#..Z....... #.#
#.......###S##
############# ..#
#.......# #.@#
#ZZZ.Z...Z# #.#
#.......# ##5#
#.#######Z#
#.###.......# #.#
#.# #<#Z#
#...+...<...# #.#
#Z# #.#.#
#####.......# #.#
#Z# #.#.#
.Z..######### #.#
#Z# #.#.# ###.#
#.# #.#####.#.# #
#.# #.#
#..Z.Z..#Z# #.#
#.# #########Z#


You could see an adder and an ufetubus.

Vanquished Creatures
  An adder (D:2)
  A worm (D:2)
  A bat (D:2)
  4 endoplasms
  2 goblins
  A hobgoblin (D:1)
  2 kobolds (D:1)
  A quokka (D:1)
  A frilled lizard (D:2)
  3 rats
17 creatures vanquished.

Vanquished Creatures (collateral kills)
  An adder (D:2)
  2 endoplasms (D:2)
  A quokka (D:2)
  A rat (D:1)
5 creatures vanquished.

Vanquished Creatures (others)
  A bat zombie (D:2)
1 creature vanquished.

Grand Total: 23 creatures vanquished

Notes
Turn   | Place    | Note
-------+----------+-------------------------------------------
     0 | D:1      | Descartes the Djinni Warper began the quest for the Orb.
     0 | D:1      | Reached XP level 1. HP: 18/18 MP: 0/0
   208 | D:1      | Reached XP level 2. HP: 23/23 MP: 0/0
   296 | D:1      | Found a faded altar of an unknown god.
   306 | D:1      | Prayed at the altar of an unknown god.
   306 | D:1      | Became a worshipper of Yredelemnul the Dark
   306 | D:1      | Reached * piety under Yredelemnul
   354 | D:1      | Found an ornate altar of the Wu Jian Council.
   559 | D:2      | Reached XP level 3. HP: 22/28 MP: 0/0
   559 | D:2      | Learned a level 1 spell: Magic Dart
  1491 | D:3      | Noticed Ijyb
  1510 | D:2      | HP: 1/28 [adder (3)]
  1512 | D:2      | Slain by an ufetubus

Illustrated notes

Levels and vault maps discovered:
D:1:      dpeg_arrival_water_altar, layout_basic, basic_ecumenical_altar
D:2:      layout_basic
D:3:      layout_rooms, nicolae_overflow_ecumenical_swirl, feat_on_display,
          uniq_ijyb, uniq_natasha

Skill      XL: |  1  2 |
---------------+-------+-----
Long Blades    | 2 |  2.3
Fighting       | |  2.0
Throwing       | |  0.7
Armour         | |  1.8
Dodging        | |  2.8
Spellcasting   | |  2.7

Action                   || total
-------------------------++-------
Melee: Falchion          ||    66
Armor: Leather armour    ||     6
       Plate armour      ||    82
Dodge: Dodged            ||    21
